 Dungeon Crawl Stone Soup version 0.25.0-26-g0c896c7088 (webtiles) character file.

Game seed: 14398509261697013863

130 xccam the Insei (level 5, -3/33 HPs)
             Began as an Octopode Transmuter on July 1, 2020.
             Slain by a gnoll
             ... wielding a +0 spear
              (8 damage)
             ... on level 3 of the Dungeon.
             The game lasted 00:03:26 (2877 turns).

xccam the Insei (Octopode Transmuter)               Turns: 2877, Time: 00:03:27

Health: -3/33      AC:  1    Str:  9    XL:     5   Next: 14%
Magic:  4/8        EV: 13    Int: 16    God:
Gold:   126        SH:  0    Dex: 13    Spells: 5/8 levels left

rFire    . . .     SeeInvis .     - Unarmed
rCold    . . .     Gourm    .   (no shield)
rNeg     . . .     Faith    .   (helmet restricted)
rPois    .         Spirit   .   (no amulet)
rElec    .         Reflect  .   (no ring)
rCorr    .         Harm     .   (no ring)
MR       .....                  (no ring)
Stlth    ++........             (no ring)
HPRegen  0.11/turn              (no ring)
MPRegen  0.11/turn              (no ring)
                                (no ring)
                                (no ring)

@: no status effects
A: almost no armour, stealthy swim, amphibious, 8 rings, constrict 8, camouflage
1, gelatinous body 1
a: no special abilities


You were on level 3 of the Dungeon.
You were hungry.

You visited 1 branch of the dungeon, and saw 3 of its levels.

You collected 126 gold pieces.

Inventory:

Missiles
 a - 9 arrows
Wands
 m - a wand of digging (7)
 o - a wand of enslavement (4)
Scrolls
 d - a scroll of identify {unknown}
 f - a scroll of blinking {unknown}
 g - a scroll of remove curse {unknown}
 h - 3 scrolls of teleportation {unknown}
 k - a scroll of fog {unknown}
 l - a scroll of enchant weapon {unknown}
Potions
 b - a potion of ambrosia {unknown}
 e - a potion of lignification {unknown}
 i - a potion of heal wounds {unknown}
 j - a potion of magic {unknown}
Comestibles
 c - 4 rations


   Skills:
 - Level 1.0 Fighting
 - Level 2.0 Dodging
 + Level 5.7 Unarmed Combat
 - Level 2.0 Spellcasting
 - Level 2.0 Transmutations


You had 5 spell levels left.
You knew the following spells:

 Your Spells              Type           Power        Failure   Level  Hunger
a - Beastly Appendage     Tmut           #.....       9%          1    #......
b - Sticks to Snakes      Tmut           #.......     14%         2    ###....

Your spell library contained the following spells:

 Spells                   Type           Power        Failure   Level  Hunger
 Spider Form              Tmut/Pois      #.........   38%         3    ###....
 Ice Form                 Ice/Tmut       #.......     80%         4    #####..
 Blade Hands              Tmut           #.........   94%         5    ######.


Dungeon Overview and Level Annotations

Branches:
Dungeon (3/15)

Altars:
Gozag
Ru
Trog

Annotations:
D:3 1 transporter, nikku's ghost, amateur GnWr


Innate Abilities, Weirdness & Mutations

You cannot wear most types of armour.
You are very stealthy in the water. (Stealth+)
You are amphibious.
You can wear up to eight rings at the same time.
You can use your tentacles to constrict eight enemies at once.
Your skin changes colour to match your surroundings (Stealth+).
Your rubbery body absorbs attacks. (AC +1, EV +1)


Message History

Evoke which item? (* to show all) (? for menu, Esc to quit)
Aiming: Enslavement
Press: ? - help, Shift-Dir - straight line, f/p - gnoll
Aim: a gnoll, wielding a +0 spear (chance to defeat MR: 54%)
The gnoll resists with significant effort.
The gnoll hits you from afar with a +0 spear.
* * * LOW HITPOINT WARNING * * *
Evoke which item? (* to show all) (? for menu, Esc to quit)
Aiming: Enslavement
Press: ? - help, Shift-Dir - straight line, f/p - gnoll
Aim: a gnoll, wielding a +0 spear (chance to defeat MR: 54%)
The gnoll resists with significant effort.
The gnoll completely misses you.
Evoke which item? (* to show all) (? for menu, Esc to quit)
Aiming: Enslavement
Press: ? - help, Shift-Dir - straight line, f/p - gnoll
Aim: a gnoll, wielding a +0 spear (chance to defeat MR: 54%)
The gnoll resists with significant effort.
The gnoll hits you from afar with a +0 spear!
You die...

#.#
#..####
#.#
#.## ##
#.# #.#
##. #.#
#.###..
####.#
#......
#....#
#.###..
#.####
#.# ##.
#.# #.#
#. #@#
#.# #.
#.# #.#
## #g#
#.# #.#
#)# #)#
#.# #.#


You could see a gnoll.

Vanquished Creatures
  A gnoll (D:3)
  5 adders
  An ooze (D:1)
  5 dart slugs
  2 leopard geckos
  4 giant cockroaches
  8 goblins
  10 hobgoblins
  8 kobolds
  A quokka (D:3)
  4 bats
  3 frilled lizards
  6 rats
58 creatures vanquished.

Vanquished Creatures (collateral kills)
  A gnoll (D:3)
  An orc (D:3)
  A goblin (D:3)
3 creatures vanquished.

Grand Total: 61 creatures vanquished

Notes
Turn   | Place    | Note
-------+----------+-------------------------------------------
     0 | D:1      | xccam the Octopode Transmuter began the quest for the Orb.
     0 | D:1      | Reached XP level 1. HP: 13/13 MP: 3/3
    97 | D:1      | Reached XP level 2. HP: 17/18 MP: 5/5
   419 | D:1      | Reached skill level 4 in Unarmed Combat
   492 | D:1      | Reached XP level 3. HP: 23/23 MP: 6/6
  1048 | D:1      | Learned a level 2 spell: Sticks to Snakes
  1374 | D:2      | Reached XP level 4. HP: 23/28 MP: 7/7
  1572 | D:2      | Found a bloodstained altar of Trog.
  1572 | D:2      | Found an opulent altar of Gozag.
  1802 | D:2      | Found a sacrificial altar of Ru.
  1916 | D:3      | Reached skill level 5 in Unarmed Combat
  2292 | D:3      | Found a transporter.
  2292 | D:3      | Noticed nikku's ghost (amateur GnWr)
  2460 | D:3      | Reached XP level 5. HP: 13/33 MP: 5/8
  2877 | D:3      | Slain by a gnoll

Illustrated notes

Levels and vault maps discovered:
D:1:      tarquinn_simple_flora_water_a, layout_loops_cross
D:2:      layout_rooms, nicolae_ru_sacrificial_ziggurat,
          gammafunk_temple_overflow_elements
D:3:      minmay_goblin_kobold_castle, layout_loops_ring,
          gammafunk_ghost_mausoleum

Skill      XL: |  1  2  3  4 |
---------------+-------------+-----
Unarmed Combat | 4 5 |  5.7
Fighting       | |  1.0
Dodging        | |  2.0
Spellcasting   | |  2.0
Transmutations | |  2.0

Action                   |  1- 3 |  4- 6 || total
-------------------------+-------+-------++-------
Melee: Unarmed           |    71 |    69 ||   140
       Constrict         |    22 |    17 ||    39
       Tentacles         |    14 |     9 ||    23
       Punch             |     1 |     2 ||     3
       Kick              |     6 |     4 ||    10
 Cast: Beastly Appendage |     5 |     4 ||     9
       Sticks to Snakes  |       |     3 ||     3
Evoke: Wand              |       |     5 ||     5
 Stab: Sleeping          |     4 |     6 ||    10
       Distracted        |     1 |       ||     1
       Betrayed ally     |       |     1 ||     1
  Eat: Chunk             |     2 |     4 ||     6
Armor: Skin              |     4 |     1 ||     5
Dodge: Dodged            |    41 |    42 ||    83
